 Dungeon Sprint DCSS version 0.28.0-53-g5a82cb258f (webtiles) character file.

Game seed: 6626978821787492148

6400000 Ashen the Intangible (level 27, -14/228 HPs)
             Began as a Djinni Warper on Oct 25, 2022.
             Was the Champion of Makhleb.
             Demolished by a destroyer
             ... wielding a +9 vorpal great sword
              (184 damage)
             ... in the Dungeon (Sprint VIII: "Arena of Blood").
             The game lasted 00:04:35 (64 turns).

Ashen the Intangible (Djinni Warper)                  Turns: 64, Time: 00:04:35

Health: -14/228    AC:  6    Str: 10    XL:     27
Gold:   0          EV: 32    Int: 21    God:    Makhleb [******] SH:  0 Dex: 21

rFire   + + .      SeeInvis .   h - +∞ Axe of Woe
rCold   x . .      Faith    .   (shield currently unavailable)
rNeg    . . .      Spirit   .   a - +0 leather armour
rPois   ∞          Reflect  .   (no helmet)
rElec   .          Harm     .   (no cloak)
rCorr   .          Rampage  .   (no gloves)
Will    ++...      NoTele   +   (boots unavailable)
Stlth   ++++++++++              (no amulet)
HPRegen 0.48/turn               (no ring)
MPRegen 0.00/turn               (no ring)

@: calling dragons, flying, slowed, very slow
A: sickness immunity, fire resistance 2, cold vulnerability 1, float, innate
caster, HP casting, extra vitality 1
a: Renounce Religion, Minor Destruction, Lesser Servant of Makhleb, Major
Destruction, Greater Servant of Makhleb


You were in the Dungeon.
You worshipped Makhleb.
Makhleb was exalted by your worship.
You visited 1 branch

Inventory:

Hand Weapons
 h - the +∞ Axe of Woe (weapon)
   (You found it in the Dungeon)
Missiles
 c - 5 boomerangs of dispersal (quivered)
Armour
 a - a +0 leather armour (worn)
Scrolls
 b - 2 scrolls of blinking
Potions
 d - a potion of curing
 e - a potion of heal wounds
 f - a potion of haste
 g - a potion of berserk rage


   Skills:
 O Level 27 Fighting
 O Level 27 Short Blades
 O Level 27 Long Blades
 O Level 27 Axes
 O Level 27 Maces & Flails
 O Level 27 Polearms
 O Level 27 Staves
 O Level 27 Slings
 O Level 27 Bows
 O Level 27 Crossbows
 O Level 27 Throwing
 O Level 27 Armour
 O Level 27 Dodging
 O Level 27 Stealth
 O Level 27 Shields
 O Level 27 Unarmed Combat
 O Level 27 Spellcasting
 O Level 27 Invocations
 O Level 27 Evocations


You couldn't memorise any spells.
You knew the following spells:

 Your Spells              Type           Power      Damage    Failure   Level
a - Blink                 Tloc           100%       N/A       0%          2
b - Lesser Beckoning      Tloc           96%        N/A       0%          3
c - Gell's Gravitas       Tloc           96%        N/A       0%          3
d - Teleport Other        Tloc           96%        N/A       0%          3
e - Manifold Assault      Tloc           96%        N/A       0%          5
f - Pain                  Necr           100%       1d9       0%          1
g - Wereblood             Tmut           96%        N/A       0%          2
h - Searing Ray           Conj           100%       2d8       0%          2
i - Spider Form           Tmut/Pois      96%        N/A       0%          3
j - Lee's Rapid Deconstr  Erth           48%        3d24*     0%          5
k - Summon Forest         Summ/Tloc      48%        N/A       0%          5
l - Eringya's Noxious Bo  Tmut/Pois      48%        N/A       0%          6
m - Haunt                 Necr/Summ      48%        N/A       0%          7
n - Spellforged Servitor  Conj/Summ      48%        N/A       0%          7
o - Borgnjor's Revivific  Necr           48%        N/A       1%          8
p - Malign Gateway        Summ/Tloc      48%        N/A       0%          7
q - Summon Horrible Thin  Summ           48%        N/A       1%          8
r - Dragon's Call         Summ           48%        N/A       1%          9
Your spell library was empty.

Dungeon Overview and Level Annotations

Branches:
Dungeon (1/1)

Altars:
Makhleb


Innate Abilities, Weirdness & Mutations

You are immune to sickness and miasma.
You are immune to poison.
Your flesh is very heat resistant. (rF++)
You are vulnerable to cold. (rC-)
You float through the air rather than walking.
You learn spells naturally, not from books.
Your magical power is your life essence.
You have superior vitality. (+4 MHP)


Message History

You hear a shout!
The accursed gestures at you while chanting.
Something smites you!
You hear a shout! x2
The meat berserker convulses!
The bag of meat convulses!
The meat berserker convulses!
The bag of meat convulses! x3
Your iron dragon convulses!
The destroyer gestures at you while chanting.
The destroyer blinks!
You hear a shout!
You hear two shouts!
Casting: Manifold Assault (safe; 0% risk of failure)
Confirm with . or Enter, or press ? or * to list all spells.
Space momentarily warps into an impossible shape!
You hit the meat berserker.
You pulverise the meat berserker into a thin bloody mist.
You kill the meat berserker!
Makhleb accepts your kill.
You feel better.
You slice the meat berserker!!
You butcher the meat berserker messily.
You kill the meat berserker!
Makhleb accepts your kill.
You hit the sculptor of flesh.
You hew the sculptor of flesh savagely.
You destroy the sculptor of flesh!
Makhleb accepts your kill.
You slice the bag of meat!!
You hew the bag of meat savagely.
You kill the bag of meat!
Makhleb accepts your kill.
You hear a shout! x2
An accursed comes into view.
The bag of meat is engulfed in blazing flames.
The bag of meat hits you with a +9 war axe!!!
The bag of meat hits your iron dragon with a +9 war axe!
The meat berserker is engulfed in blazing flames.
You hear a shout!
The accursed points at you and mumbles some strange words.
Something smites you!
You hear a shout!
The destroyer hits you with a +9 vorpal great sword!!!!!
Ouch! That really hurt!
You die...

.).)) .))))..
.#...§§.....)).).).. )
)#...)..X.#.)).)..# M)
...#...o #.))...)#
..)#..)..o###..)....###.
.§.o..O§....).)###......
.))...o#...).)..○)....
)..))#VL....)#.)...#
#.§Do@X....#§.<._# .
#..).#°O§....#..)).#....
....§O§#.....).._)......
..)§....†......###).....
.)........###..). ..###.
.).).)).).. #.......#
.).))..)....#...)...#
)).#M.............)))
.#.#...............


You could see 2 accurseds, a tentacled monstrosity (summoned), a tyrant, a
destroyer (ally target), a large abomination (summoned), 3 meat berserkers, 5
bags of meat and a friendly iron dragon (summoned).

Vanquished Creatures
  2 royal mummies (D)
  A wraith (D)
  Harold (D)
  9 vampire knights (D)
  30 ogres (D)
  5 two-headed ogres (D)
  3 liches (D)
  A hydra (D)
  66 orcs (D)
  6 skeletal warriors (D)
124 creatures vanquished.

Notes
Turn   | Place    | Note
-------+----------+-------------------------------------------
     0 | D        | Found the +∞ Axe of Woe
     0 | D        | Ashen the Djinni Warper began the quest for the Orb.
     0 | D        | Reached XP level 1. HP: 18/18 MP: 0/0
     1 | D        | Noticed a bag of meat
     2 | D        | Noticed a bag of meat
     3 | D        | Became a worshipper of Makhleb the Destroyer
     4 | D        | Noticed a bag of meat
     4 | D        | Noticed a bag of meat
     7 | D        | Killed a bag of meat
     7 | D        | Noticed a meat berserker
     8 | D        | Reached skill level 10 in Axes
     8 | D        | Reached XP level 2. HP: 38/38 MP: 0/0
     8 | D        | Reached XP level 3. HP: 43/43 MP: 0/0
     8 | D        | Learned a level 1 spell: Pain
     8 | D        | Reached XP level 4. HP: 49/49 MP: 0/0
     8 | D        | Reached XP level 5. HP: 55/55 MP: 0/0
     8 | D        | Learned a level 2 spell: Wereblood
     8 | D        | Reached XP level 6. HP: 61/61 MP: 0/0
     8 | D        | Reached XP level 7. HP: 67/67 MP: 0/0
     8 | D        | Learned a level 2 spell: Searing Ray
     8 | D        | Reached XP level 8. HP: 72/72 MP: 0/0
     8 | D        | Reached XP level 9. HP: 77/77 MP: 0/0
     8 | D        | Learned a level 3 spell: Spider Form
     8 | D        | Reached XP level 10. HP: 84/84 MP: 0/0
     8 | D        | Reached XP level 11. HP: 89/89 MP: 0/0
     8 | D        | Learned a level 5 spell: Lee's Rapid Deconstruction
     8 | D        | Killed a bag of meat
     9 | D        | Reached XP level 12. HP: 99/99 MP: 0/0
     9 | D        | Killed a bag of meat
     9 | D        | Reached * piety under Makhleb
    10 | D        | Reached skill level 15 in Fighting
    10 | D        | Reached XP level 13. HP: 107/107 MP: 0/0
    10 | D        | Learned a level 5 spell: Summon Forest
    10 | D        | Killed a meat berserker
    10 | D        | Killed a bag of meat
    10 | D        | Reached ** piety under Makhleb
    10 | D        | Noticed a meat berserker
    11 | D        | Reached XP level 14. HP: 119/119 MP: 0/0
    11 | D        | Killed a meat berserker
    12 | D        | Reached skill level 15 in Axes
    12 | D        | Reached XP level 15. HP: 127/127 MP: 0/0
    12 | D        | Learned a level 6 spell: Eringya's Noxious Bog
    13 | D        | Reached *** piety under Makhleb
    13 | D        | Noticed a meat berserker
    14 | D        | Killed a meat berserker
    14 | D        | Reached **** piety under Makhleb
    14 | D        | Noticed a meat berserker
    15 | D        | Reached XP level 16. HP: 142/142 MP: 0/0
    15 | D        | Reached ***** piety under Makhleb
    15 | D        | Noticed a meat berserker
    15 | D        | Noticed a meat berserker
    16 | D        | Reached XP level 17. HP: 151/151 MP: 0/0
    16 | D        | Learned a level 7 spell: Haunt
    16 | D        | Killed a meat berserker
    16 | D        | Killed a meat berserker
    17 | D        | Reached skill level 27 in Dodging
    17 | D        | Reached XP level 18. HP: 163/163 MP: 0/0
    17 | D        | Killed a meat berserker
    17 | D        | Noticed a large bag of meat
    18 | D        | Killed a large bag of meat
    19 | D        | Reached skill level 27 in Fighting
    19 | D        | Reached skill level 27 in Armour
    19 | D        | Reached XP level 19. HP: 174/174 MP: 0/0
    19 | D        | Learned a level 7 spell: Spellforged Servitor
    19 | D        | Reached ****** piety under Makhleb
    20 | D        | Noticed a meat berserker
    21 | D        | Killed a meat berserker
    22 | D        | Reached skill level 27 in Axes
    22 | D        | Noticed a meat berserker
    22 | D        | Noticed a destroyer
    23 | D        | Killed a destroyer
    24 | D        | Reached skill level 27 in Spellcasting
    24 | D        | Reached XP level 20. HP: 181/181 MP: 0/0
    24 | D        | Killed a meat berserker
    24 | D        | Noticed a meat berserker
    25 | D        | Reached XP level 21. HP: 187/187 MP: 0/0
    25 | D        | Learned a level 8 spell: Borgnjor's Revivification
    25 | D        | Killed a meat berserker
    26 | D        | Reached skill level 27 in Unarmed Combat
    26 | D        | Noticed a meat berserker
    27 | D        | Reached skill level 5 in Short Blades
    27 | D        | Reached skill level 5 in Long Blades
    27 | D        | Reached skill level 5 in Staves
    27 | D        | Reached skill level 5 in Shields
    27 | D        | Reached skill level 5 in Invocations
    27 | D        | Reached skill level 5 in Evocations
    27 | D        | Killed a meat berserker
    28 | D        | Noticed an eight-headed meat hydra
    28 | D        | Killed a nine-headed meat hydra
    29 | D        | Noticed a destroyer
    29 | D        | Killed a destroyer
    29 | D        | Noticed a destroyer
    30 | D        | Reached XP level 22. HP: 194/194 MP: 0/0
    30 | D        | Killed a destroyer
    31 | D        | Reached skill level 10 in Short Blades
    31 | D        | Reached skill level 10 in Long Blades
    31 | D        | Reached skill level 10 in Staves
    31 | D        | Reached skill level 10 in Shields
    31 | D        | Reached skill level 10 in Invocations
    31 | D        | Reached skill level 10 in Evocations
    31 | D        | Noticed a large bag of meat
    31 | D        | Noticed a large bag of meat
    32 | D        | Noticed a meat berserker
    32 | D        | Killed a large bag of meat
    32 | D        | Noticed a destroyer
    33 | D        | Reached XP level 23. HP: 201/201 MP: 0/0
    33 | D        | Learned a level 7 spell: Malign Gateway
    33 | D        | Killed a large bag of meat
    34 | D        | Killed a destroyer
    35 | D        | Reached skill level 15 in Shields
    35 | D        | Reached skill level 15 in Invocations
    35 | D        | Reached skill level 15 in Evocations
    35 | D        | Reached XP level 24. HP: 208/208 MP: 0/0
    36 | D        | Reached skill level 15 in Short Blades
    36 | D        | Reached skill level 15 in Long Blades
    36 | D        | Reached skill level 15 in Staves
    36 | D        | Noticed a destroyer
    36 | D        | Noticed a destroyer
    37 | D        | Killed a destroyer
    37 | D        | Killed a destroyer
    38 | D        | Reached skill level 15 in Maces & Flails
    38 | D        | Reached skill level 15 in Polearms
    38 | D        | Reached skill level 15 in Slings
    38 | D        | Reached skill level 15 in Bows
    38 | D        | Reached skill level 15 in Crossbows
    38 | D        | Reached skill level 15 in Throwing
    38 | D        | Reached skill level 15 in Stealth
    40 | D        | Reached XP level 25. HP: 214/214 MP: 0/0
    40 | D        | Learned a level 8 spell: Summon Horrible Things
    40 | D        | Noticed a large bag of meat
    41 | D        | Killed a large bag of meat
    41 | D        | Noticed The Servant
    41 | D        | Noticed a destroyer
    42 | D        | Killed a destroyer
    43 | D        | Reached XP level 26. HP: 221/221 MP: 0/0
    45 | D        | Reached skill level 27 in Stealth
    45 | D        | Killed The Servant
    46 | D        | Reached XP level 27. HP: 228/228 MP: 0/0
    46 | D        | Learned a level 9 spell: Dragon's Call
    49 | D        | Noticed a destroyer
    49 | D        | Noticed a tyrant
    50 | D        | Noticed a tyrant
    50 | D        | Noticed a destroyer
    52 | D        | Killed a tyrant
    52 | D        | Noticed a tyrant
    52 | D        | Noticed a large bag of meat
    53 | D        | Killed a destroyer
    53 | D        | Noticed a destroyer
    54 | D        | Noticed a tyrant
    56 | D        | Killed a destroyer
    57 | D        | Noticed an accursed
    58 | D        | Reached skill level 27 in Shields
    58 | D        | Reached skill level 27 in Invocations
    58 | D        | Reached skill level 27 in Evocations
    59 | D        | Reached skill level 27 in Short Blades
    59 | D        | Reached skill level 27 in Long Blades
    59 | D        | Killed a tyrant
    59 | D        | Noticed an accursed
    60 | D        | Reached skill level 27 in Staves
    60 | D        | Killed an accursed
    61 | D        | Reached skill level 27 in Maces & Flails
    61 | D        | Reached skill level 27 in Polearms
    61 | D        | Reached skill level 27 in Slings
    61 | D        | Reached skill level 27 in Bows
    61 | D        | Reached skill level 27 in Crossbows
    61 | D        | Reached skill level 27 in Throwing
    61 | D        | Noticed a dread
    61 | D        | Killed an accursed
    61 | D        | Killed a dread
    62 | D        | Killed a tyrant
    62 | D        | Noticed an accursed
    63 | D        | Killed a large bag of meat
    64 | D        | Noticed an accursed
    64 | D        | Demolished by a destroyer

Illustrated notes

Levels and vault maps discovered:
D:        meatsprint

Skill      XL: |  1  2  3  4  5  6  7  8  9 10 11 12 13 14 15 16 17 18 19 20 21 22 23 24 25 26 27 |
---------------+----------------------------------------------------------------------------------+-----
Fighting       | 12 13 15 17 18 22 23 25 27 | 27.0
Axes           | 10 11 12 14 15 18 19 21 23 27 | 27.0
Armour         | 11 13 14 17 18 21 23 25 27 | 27.0
Dodging        | 13 14 16 18 20 23 25 27 | 27.0
Spellcasting   | 9 11 13 14 17 18 20 21 27 | 27.0
Unarmed Combat | 18 26 27 | 27.0
Short Blades   | 9 12 14 17 19 22 27 | 27.0
Long Blades    | 9 12 14 17 19 22 27 | 27.0
Maces & Flails | 8 11 13 16 18 20 27 | 27.0
Polearms       | 8 11 13 16 18 20 27 | 27.0
Staves         | 9 12 14 17 19 21 27 | 27.0
Slings         | 8 11 13 16 18 20 27 | 27.0
Bows           | 8 11 13 16 18 20 27 | 27.0
Crossbows      | 8 11 13 16 18 20 27 | 27.0
Throwing       | 8 11 13 16 18 20 27 | 27.0
Stealth        | 8 11 14 16 18 27 | 27.0
Shields        | 9 12 15 18 20 22 27 | 27.0
Invocations    | 9 12 15 18 20 22 27 | 27.0
Evocations     | 9 12 15 18 20 22 27 | 27.0

Action                   |  1- 3 |  4- 6 |  7- 9 | 10-12 | 13-15 | 16-18 | 19-21 | 22-24 | 25-27 || total
-------------------------+-------+-------+-------+-------+-------+-------+-------+-------+-------++-------
Melee: Executioner's axe |     1 |       |       |     2 |     9 |     9 |    17 |    22 |    59 ||   119
 Cast: Manifold Assault  |       |       |       |       |     4 |     4 |     9 |     8 |    13 ||    38
       Blink             |       |       |       |       |       |       |       |       |     1 ||     1
       Dragon's Call     |       |       |       |       |       |       |       |       |     1 ||     1
